 Dungeon Crawl Stone Soup version 0.25-a0-310-g60f0ac2d9a (webtiles) character file.

Game seed: 12480191552915771040, levelgen mode: classic

27175 Borgoz the Protected (level 13, -13/120 HPs)
             Began as a Gargoyle Berserker on Dec 24, 2019.
             Was a High Priest of Trog.
             Mangled by an orc warrior
             ... wielding a +0 glaive
              (14 damage)
             ... on level 2 of the Orcish Mines.
             The game lasted 00:30:28 (12707 turns).

Borgoz the Protected (Gargoyle Berserker)          Turns: 12707, Time: 00:30:29

Health: -13/120    AC:  7    Str: 31    XL:     13   Next: 30%
Magic:  0/13       EV: 18    Int:  8    God:    Trog [*****.]
Gold:   1635       SH:  0    Dex: 15    Spells: 12/12 levels left

rFire    + . .     SeeInvis +   a - +4 scimitar (flame)
rCold    . . .     Gourm    .   (no shield)
rNeg     + . .     Faith    .   h - +1 scale mail "Cytistrae" {MR+ Str+4 Dex+2 Stlth-}
rPois    ∞         Spirit   +   F - +1 hat
rElec    +         Reflect  .   g - scarf {Spirit}
rCorr    .         Harm     .   (no gloves)
MR       +....                  C - +1 pair of boots
Stlth    ..........             i - amulet of guardian spirit
HPRegen  0.30/turn              r - ring of protection from fire
MPRegen  0.13/turn              G - ring of see invisible

@: berserking (expiring), corroded, very quick
A: negative energy resistance 1, electricity resistance, unbreathing,
petrification resistance, rot immunity, AC +9
a: Berserk, Trog's Hand, Brothers in Arms, Renounce Religion


You were on level 2 of the Orcish Mines.
You worshipped Trog.
Trog was extremely pleased with you.
You were near starving.

You visited 2 branches of the dungeon, and saw 13 of its levels.
You also visited: Bailey.

You collected 1913 gold pieces.
You spent 278 gold pieces at shops.

Inventory:

Hand Weapons
 a - a +4 scimitar of flaming (weapon)
 b - a +1 triple sword of flaming
 f - a +6 great sword
Missiles
 D - 7 throwing nets (quivered)
Armour
 g - a scarf of spirit shield (worn)
 h - the +1 scale mail "Cytistrae" (worn) {MR+ Str+4 Dex+2 Stlth-}
   (You found it on level 4 of the Dungeon)

   It affects your strength (+4).
   It affects your dexterity (+2).
   It affects your resistance to hostile enchantments.
   It makes you less stealthy.
 C - a +1 pair of boots (worn)
 F - a +1 hat (worn)
 O - a +0 cloak of invisibility
Jewellery
 i - an amulet of guardian spirit (around neck)
 r - a ring of protection from fire (left hand)
 G - a ring of see invisible (right hand)
 H - an uncursed ring of ice
Wands
 d - a wand of acid (8)
 w - a wand of flame (10)
 y - a wand of digging (4)
 z - a wand of random effects (17)
 K - a wand of disintegration (23)
 M - a wand of iceblast (1)
Scrolls
 l - 7 scrolls of enchant armour
 J - 8 scrolls of remove curse
Potions
 e - a potion of haste
 k - 2 potions of agility
 m - 3 potions of flight
 n - 2 potions of cancellation
 s - a potion of heal wounds
 t - 2 potions of might
 x - 2 potions of brilliance
 A - 3 potions of curing
 E - 2 potions of mutation
 I - a potion of ambrosia
Comestibles
 c - 18 rations


   Skills:
 + Level 9.2 Fighting
 * Level 11.8 Long Blades
 + Level 12.0 Armour
 * Level 10.7 Dodging


You had 12 spell levels left.
You didn't know any spells.
Your spell library was empty.

Dungeon Overview and Level Annotations

Branches:
Dungeon (11/15)            Temple (0/1) D:5            Lair (0/6) D:11
    Orc (2/2) D:11            Elf (0/3) Orc:2        Bailey (visited)

Altars:
Ashenzari
Cheibriados
Dithmenos
Elyvilon
Gozag
Hepliaklqana
Kikubaaqudgha
Makhleb
Nemelex Xobeh
Ru
Sif Muna
Trog
Xom
Yredelemnul
Beogh

Shops:
D:6 *   Orc:1 [:=}*   Orc:2 *?*

Annotations:
D:7 2 transporters, bobob's ghost, novice DEFE
Orc:2 3 runed translucent doors, exclusion: obsidian statue, EnegeticOcto's ghost, journeyman OgBe


Innate Abilities, Weirdness & Mutations

You are resistant to torment.
Your stone body is resilient. (AC +9)
You are immune to poison.
You resist negative energy. (rN+)
You are resistant to electric shocks. (rElec)
You can survive without breathing.
You are immune to petrification.
You are immune to rotting.


Message History

You kill the orc high priest!
Trog accepts your kill.
Trog will now gift you melee weapons as you gain piety.
Something appears at your feet! Trog grants you a weapon!
Your Armour skill increases to level 12! 2 orc warriors and an orc knight come into view.
The orc warrior shouts! x2; You hear a shout! x3
The red devil hops backward while attacking.
The red devil completely misses you. The orc warrior barely misses you.
You hear a shout!
Items here: ))) [ † a +0 flail; a +0 battleaxe; a +0 chain mail; a +2 hand axe of chopping an orc corpse You feel a strong urge to attack something.
You hit the red devil but do no damage.
The red devil hits you with a +0 trident!
* * * LOW HITPOINT WARNING * * *
The orc warrior hits you from afar with a +0 glaive!
You die...

##∩!#[[...## .. #..##
###...#....## #.# ###.##.
.###...)#...## #o.. ##......
#####........## #...###.......
##.###..###...## #...###........
#...###..###...###...###.....#..#
#..#####..###..)#o..###..........
...##.###..###.#)#o###[[.>[..#...
#..#...###..###.@.###..[..#).....
#.......###.[###4###..)#[#.[.....
.........###..#####...##.##[...#.
#.##.#.#..###..###...#....##...#.
#####...##.##...##..#.....#......
##.###........####.#.##......
####......#.## ##......#...
########....#### ##.........#
##.8.##.###..## #......#...#


You could see an orc knight, a red devil and 2 orc warriors.

Vanquished Creatures
  An ettin (Orc:2)
  3 death yaks (D:11)
  5 two-headed ogres
  2 orc high priests (Orc:2)
  Sonja (D:11)
  Pikel (D:6)
  2 orc knights
  An orc sorcerer (Orc:1)
  A cyclops (Orc:1)
  Maurice (D:11)
  2 gargoyles
  5 trolls
  A red devil (Orc:2)
  A hornet (D:10)
  Prince Ribbit (D:8)
  2 hippogriffs
  Sigmund (D:6)
  A spriggan (D:7)
  A shadow (D:11)
  A wyvern (D:9)
  A vampire (D:11)
  A ynoxinul (Orc:2)
  A basilisk (D:11)
  13 yaks
  A steam dragon (D:10)
  Menkaure (D:5)
  4 hungry ghosts
  A warg (Orc:2)
  Edmund (D:6)
  3 water moccasins
  3 porcupines (D:11)
  3 sky beasts
  2 ice beasts (D:9)
  2 black bears
  2 eyes of draining
  35 orc warriors
  A phantom (D:4)
  9 ogres
  4 centaurs
  A big kobold (D:10)
  A wyvern zombie (D:10)
  A bullfrog (D:11)
  8 gnoll sergeants (Bailey)
  3 scorpions
  16 killer bees
  2 howler monkeys (D:7)
  4 crimson imps
  2 quasits
  A centaur zombie (D:8)
  19 orc priests
  4 jellies
  7 bullfrog skeletons
  Crazy Yiuf (D:6)
  6 gnoll shamans (Bailey)
  9 hounds
  A centaur skeleton (D:10)
  7 worker ants
  5 iguanas
  28 orc wizards
  2 hell rats (D:11)
  A hound skeleton (D:9)
  A worker ant zombie (D:11)
  5 adders
  14 gnolls (Bailey)
  2 river rats (D:11)
  7 shadow imps
  4 dart slugs
  8 leopard geckos
  83 orcs
  10 bats
  7 giant cockroaches
  12 goblins
  11 hobgoblins
  10 jackals
  11 kobolds
  4 quokkas
  3 ball pythons
  7 frilled lizards
  2 quokka skeletons
  5 rats
  A bush (D:8)
458 creatures vanquished.

Vanquished Creatures (others)
  A slave (D:6)
  A quokka (D:6)
  2 bushes (D:7)
  A plant (D:7)
5 creatures vanquished.

Grand Total: 463 creatures vanquished

Notes
Turn   | Place    | Note
-------+----------+-------------------------------------------
     0 | D:1      | Borgoz the Gargoyle Berserker began the quest for the Orb.
     0 | D:1      | Reached XP level 1. HP: 14/14 MP: 1/1
    33 | D:1      | Reached XP level 2. HP: 11/19 MP: 2/2
   497 | D:1      | Reached XP level 3. HP: 16/23 MP: 3/3
   715 | D:1      | Reached ** piety under Trog
  1120 | D:2      | Reached skill level 3 in Armour
  1266 | D:2      | Found a shadowy altar of Dithmenos.
  1280 | D:2      | Reached XP level 4. HP: 27/28 MP: 4/4
  1899 | D:3      | Found a sparkling altar of Nemelex Xobeh.
  1901 | D:3      | Found a shimmering blue altar of Sif Muna.
  1905 | D:3      | Found a white marble altar of Elyvilon.
  1908 | D:3      | Found a burning altar of Makhleb.
  1909 | D:3      | Found a bloodstained altar of Trog.
  1910 | D:3      | Found an ancient bone altar of Kikubaaqudgha.
  2263 | D:4      | Noticed a phantom
  2311 | D:4      | Killed a phantom
  2311 | D:4      | Reached skill level 4 in Armour
  2311 | D:4      | Reached XP level 5. HP: 31/32 MP: 5/5
  2412 | D:4      | Got a faintly glowing scale mail
  2432 | D:4      | Identified the +1 scale mail "Cytistrae" {MR+ Str+4 Dex+2
                  | Stlth-} (You found it on level 4 of the Dungeon)
  2668 | D:5      | Entered Level 5 of the Dungeon
  2668 | D:5      | Noticed an ogre
  2677 | D:5      | Killed an ogre
  2677 | D:5      | Reached XP level 6. HP: 37/37 MP: 6/6
  2679 | D:5      | Reached *** piety under Trog
  2681 | D:5      | Found a staircase to the Ecumenical Temple.
  2810 | D:5      | Noticed Menkaure
  2812 | D:5      | Noticed a hungry ghost
  2820 | D:5      | Reached XP level 7. HP: 29/41 MP: 2/7
  2824 | D:5      | Killed Menkaure
  2824 | D:5      | Reached skill level 5 in Armour
  2844 | D:5      | Killed a hungry ghost
  2844 | D:5      | Reached skill level 5 in Long Blades
  3283 | D:5      | Found a snail-covered altar of Cheibriados.
  3459 | D:6      | Noticed Sigmund
  3841 | D:6      | Killed Sigmund
  3841 | D:6      | Reached skill level 6 in Armour
  3841 | D:6      | Reached XP level 8. HP: 46/46 MP: 8/8
  4049 | D:6      | Noticed Edmund
  4070 | D:6      | Killed Edmund
  4175 | D:6      | Noticed Pikel
  4194 | D:6      | Killed Pikel
  4194 | D:6      | Reached skill level 7 in Armour
  4194 | D:6      | Reached skill level 5 in Dodging
  4194 | D:6      | Reached XP level 9. HP: 47/51 MP: 7/9
  4236 | D:6      | Found a runed translucent door.
  4237 | D:6      | Noticed Crazy Yiuf
  4528 | D:6      | Found Jauvown's General Store.
  4533 | D:6      | Bought a scroll of remove curse for 42 gold pieces
  4723 | D:6      | Killed Crazy Yiuf
  4723 | D:6      | Reached **** piety under Trog
  4825 | D:7      | Found a flagged portal.
  4852 | D:7      | Found a transporter.
  4852 | D:7      | Noticed bobob's ghost (novice DEFE)
  4857 | D:7      | Found a transporter.
  4988 | D:7      | Reached skill level 8 in Armour
  5078 | Bailey   | Entered a bailey
  5955 | D:7      | Reached skill level 9 in Armour
  5967 | D:7      | Reached XP level 10. HP: 29/56 MP: 5/10
  6088 | D:7      | Found a basalt altar of Yredelemnul.
  6088 | D:7      | Found a shattered altar of Ashenzari.
  6089 | D:7      | Found a sacrificial altar of Ru.
  6361 | D:8      | Noticed a two-headed ogre
  6372 | D:8      | Killed a two-headed ogre
  6595 | D:8      | Noticed a two-headed ogre
  6600 | D:8      | Killed a two-headed ogre
  6610 | D:8      | Reached skill level 5 in Fighting
  6617 | D:8      | Reached ***** piety under Trog
  6617 | D:8      | Received a gift from Trog
  6763 | D:8      | Noticed Prince Ribbit
  6778 | D:8      | Killed Prince Ribbit
  6846 | D:8      | Noticed a two-headed ogre
  6854 | D:8      | Killed a two-headed ogre
  6854 | D:8      | Reached skill level 10 in Armour
  7185 | D:8      | Found a hazy altar of Hepliaklqana.
  7186 | D:8      | Found a shimmering altar of Xom.
  7187 | D:8      | Noticed a spectral ugly thing
  7442 | D:9      | Reached XP level 11. HP: 64/64 MP: 11/11
  8525 | D:9      | Noticed a two-headed ogre
  8533 | D:9      | Killed a two-headed ogre
  8645 | D:10     | Entered Level 10 of the Dungeon
  9128 | D:10     | Received a gift from Trog
  9829 | D:11     | Noticed Maurice
  9847 | D:11     | Killed Maurice
  9847 | D:11     | Reached skill level 10 in Long Blades
  9927 | D:11     | Noticed a death yak
  9931 | D:11     | Found a staircase to the Lair.
  9931 | D:11     | Noticed a death yak
  9931 | D:11     | Noticed a death yak
  9955 | D:11     | Killed a death yak
  9955 | D:11     | Reached XP level 12. HP: 53/72 MP: 12/12
  9976 | D:11     | Reached skill level 11 in Armour
  9987 | D:11     | Killed a death yak
  9993 | D:11     | Killed a death yak
 10098 | D:11     | Noticed a two-headed ogre
 10110 | D:11     | Killed a two-headed ogre
 10259 | D:11     | Received a gift from Trog
 10365 | D:11     | Noticed Sonja
 10376 | D:11     | Killed Sonja
 10422 | D:11     | Reached skill level 10 in Dodging
 10446 | D:11     | Found a roughly hewn altar of Beogh.
 10547 | D:11     | Found a staircase to the Orcish Mines.
 10694 | Orc:1    | Entered Level 1 of the Orcish Mines
 10796 | Orc:1    | Found Cootaly's Gadget Shop.
 10888 | Orc:2    | Entered Level 2 of the Orcish Mines
 10888 | Orc:2    | Noticed an ettin
 10898 | Orc:2    | Killed an ettin
 11375 | Orc:2    | Received a gift from Trog
 11498 | Orc:2    | Found Ogufutzauta's General Store.
 11499 | Orc:2    | Found Ulacah's Magic Scroll Boutique.
 11529 | Orc:2    | Reached XP level 13. HP: 80/80 MP: 8/13
 11896 | Orc:2    | Bought a scroll of identify for 24 gold pieces
 11896 | Orc:2    | Bought a scroll of identify for 24 gold pieces
 11901 | Orc:2    | Bought a scroll of identify for 24 gold pieces
 11901 | Orc:2    | Bought a scroll of identify for 24 gold pieces
 11905 | Orc:2    | Bought a potion of haste for 140 gold pieces
 11930 | Orc:2    | Found a runed translucent gate.
 11930 | Orc:2    | Found a runed translucent gate.
 11930 | Orc:2    | Found an opulent altar of Gozag.
 11930 | Orc:2    | Found a runed translucent gate.
 11932 | Orc:2    | Noticed EnegeticOcto's ghost (journeyman OgBe)
 11936 | Orc:2    | Found Curiarra's Assorted Antiques.
 11985 | Orc:2    | Found a staircase to the Elven Halls.
 12153 | Orc:1    | Found Dyadwiur's Jewellery Boutique.
 12232 | Orc:1    | Found Riow's Assorted Antiques.
 12284 | Orc:1    | Found Eckohaowee's Antique Armour Boutique.
 12297 | Orc:1    | Found Pommu's Book Emporium.
 12337 | Orc:1    | Paralysed by an orc sorcerer for 5 turns
 12704 | Orc:2    | Received a gift from Trog
 12704 | Orc:2    | Reached skill level 12 in Armour
 12707 | Orc:2    | HP: 1/120 [red devil/+0 trident (16)]
 12707 | Orc:2    | Mangled by an orc warrior

Levels and vault maps discovered:
D:1:      saegor_arrival_under_anarchy, layout_loops_ring, fountainhead
D:2:      layout_rooms, nicolae_dithmenos_shadow_blocks
D:3:      layout_loops_ring, minitemple
D:4:      layout_cave_pools, first_ration, hangedman_decor_peaks_small
D:5:      layout_rooms, minmay_temple_entry_ruins, kennysheep_slug_shrine,
          uniq_menkaure
D:6:      layout_loops_ring, serial_shops, shop, uniq_crazy_yiuf_cottage,
          uniq_sigmund, uniq_pikel, uniq_edmund
D:7:      layout_rooms, gammafunk_temple_overflow_forgotten, enter_bailey_3,
          gammafunk_ghost_mausoleum, the_bakery
D:8:      layout_cave_pools, regret_index_temple_of_mockery,
          kb_lookout_dungeons_type, grunt_decor_one_mirror, uniq_prince_ribbit1
D:9:      layout_basic, minmay_mirror_moons_of_madness
D:10:     minmay_slanted_spiral_squares, layout_cave_pods, serial_rivers,
          chequers_serial_rivers_marsh, chequers_serial_rivers_micro_d,
          chequers_serial_rivers_micro_a, chequers_serial_rivers_large_b,
          chequers_serial_rivers_small_b, chequers_serial_rivers_room_b,
          minmay_starry_boxes
D:11:     layout_roguey [special_room_orc], dpeg_lair_monsters, david_orc_4,
          enter_trove_3, gauntlet_entry_generic, uniq_urug, uniq_sonja,
          uniq_maurice
Orc:1:    layout_caves, serial_shops, shop, shop, shop, shop, shop
Orc:2:    pf_orc_diabolical, layout_caves, ebering_ghost_gozag

Skill      XL: |  1  2  3  4  5  6  7  8  9 10 11 12 13 |
---------------+----------------------------------------+-----
Long Blades    | 3 4 5 6 7 8 10 11 | 11.8
Dodging        | 2 3 4 5 6 7 9 10 | 10.7
Armour         | 3 4 6 7 9 10 11 12 | 12.0
Fighting       | 6 7 8 9 |  9.2

Action                   |  1- 3 |  4- 6 |  7- 9 | 10-12 | 13-15 || total
-------------------------+-------+-------+-------+-------+-------++-------
Melee: Falchion          |   154 |   166 |   116 |       |       ||   436
       Long sword        |       |       |   290 |   111 |       ||   401
       Scimitar          |       |       |       |   646 |   187 ||   833
Throw: Throwing net      |       |       |       |     3 |       ||     3
Invok: Berserk           |       |     3 |     9 |    13 |     3 ||    28
       Trog's Hand       |       |     2 |     3 |     7 |       ||    12
Evoke: Wand              |       |       |       |     6 |       ||     6
  Use: Scroll            |       |       |     4 |    14 |     4 ||    22
       Potion            |       |       |       |       |     1 ||     1
  Eat: Chunk             |     2 |     7 |    26 |    32 |     7 ||    74
       Ration            |       |       |       |     2 |       ||     2
Armor: Animal skin       |    27 |       |       |       |       ||    27
       Ring mail         |    54 |    33 |       |       |       ||    87
       Scale mail        |       |    44 |   280 |   367 |    79 ||   770
       Skin              |       |     1 |       |       |       ||     1
Dodge: Dodged            |   141 |   109 |   403 |   559 |   179 ||  1391
       Rpst.: Falchion   |    45 |    33 |    30 |       |       ||   108
       Long sword        |       |       |    74 |    22 |       ||    96
       Scimitar          |       |       |       |   137 |    42 ||   179

Table legend:
 A = Non-vault XP
 B = Vault XP
 C = Vault XP percentage of total XP
 D = Non-vault monster count
 E = Vault monster count
 F = Vault count percentage of total count
                 A         B        C        D         E       F
            +---------+---------+-------+---------+---------+-------
      Total |   21967 |   16855 |  43.4 |     309 |     148 |  32.4
            +---------+---------+-------+---------+---------+-------
        D:1 |      55 |       0 |   0.0 |      28 |       0 |   0.0
        D:2 |      59 |       0 |   0.0 |      26 |       0 |   0.0
        D:3 |      20 |       0 |   0.0 |      12 |       0 |   0.0
        D:4 |     179 |       0 |   0.0 |       6 |       0 |   0.0
        D:5 |     676 |     179 |  20.9 |      25 |       2 |   7.4
        D:6 |     511 |    1092 |  68.1 |      17 |       4 |  19.0
        D:7 |    1107 |     228 |  17.1 |      26 |       5 |  16.1
        D:8 |    3161 |     378 |  10.7 |      18 |       2 |  10.0
        D:9 |    2439 |     807 |  24.9 |      31 |       6 |  16.2
       D:10 |    1773 |    1965 |  52.6 |      23 |      17 |  42.5
       D:11 |    6019 |    6303 |  51.2 |      38 |      50 |  56.8
      Orc:1 |    3471 |       0 |   0.0 |      31 |       0 |   0.0
      Orc:2 |    2497 |    4678 |  65.2 |      28 |      32 |  53.3
     Bailey |       0 |    1225 | 100.0 |       0 |      30 | 100.0
            +---------+---------+-------+---------+---------+-------
